 Dungeon Crawl Stone Soup version 0.32-a0-799-g95e1662365 (webtiles) character file.

Game seed: 10847345615381643432

102 Cheivey the Trooper (level 4, -3/37 HPs)
             Began as a Demonspawn Fighter on Mar 21, 2024.
             Incinerated by a bombardier beetle (4 damage)
             ... with a burning spray
             ... on level 3 of the Dungeon.
             The game lasted 00:02:58 (1699 turns).

Cheivey the Trooper (Demonspawn Fighter)            Turns: 1699, Time: 00:02:59

Health: -3/37      AC:  8    Str: 16    XL:     4   Next: 49%
Magic:  4/4        EV:  8    Int:  9    God:
Gold:   59         SH:  4    Dex: 14    Spells: 3/3 levels left

rFire   . . .        a - +0 flail (drain)
rCold   . . .        c - +0 buckler
rNeg    . . .        b - +1 scale mail
rPois   .            (no helmet)
rElec   .            (no cloak)
rCorr   .            e - +0 pair of gloves
SInv    .            (no boots)
Will    .....        (no amulet) Stlth
                     (no ring)
HPRegen 0.26/turn    (no ring)
MPRegen 0.09/turn

%: no passive effects
@: on fire, glowing, invisible (but backlit and visible)
A: foul stench 2, weakness stinger 1
a: no special abilities


You were on level 3 of the Dungeon.
You visited 1 branch of the dungeon, and saw 3 of its levels.

You collected 59 gold pieces.

Inventory:

Hand Weapons
 a - a +0 flail of draining (weapon)
Armour
 b - a +1 scale mail (worn)
 c - a +0 buckler (worn)
 e - a +0 pair of gloves (worn)
Talismans
 d - a beast talisman
Wands
 h - a wand of mindburst (5)
Scrolls
 f - a scroll of teleportation
 g - 2 scrolls of vulnerability
 i - a scroll of torment
 j - a scroll of butterflies {unknown}
 k - a scroll of identify
Potions
 l - 2 potions of might


   Skills:
 + Level 4.1 Fighting
 + Level 3.3 Maces & Flails
 + Level 2.8 Armour
 + Level 0.2 Dodging
 + Level 2.7 Shields


You had 3 spell levels left.
You didn't know any spells.
Your spell library was empty.

Dungeon Overview and Level Annotations

Branches:
Dungeon (3/15) Zot: 16281

Altars:
Fedhas

Shops:
D:2 [


Innate Abilities, Weirdness & Mutations

You sometimes emit foul miasma when damaged in melee.
You have a small tail.


Message History

The bombardier beetle sprays incendiary fluid at you.
The burning spray hits you.
You are covered in liquid fire!
You hit the bombardier beetle.
The bombardier beetle is moderately wounded.
The liquid fire burns you! The bombardier beetle bites you.
You hit the bombardier beetle but do no damage.
You drain the bombardier beetle.
The bombardier beetle is heavily wounded.
The liquid fire burns you!
You hit the bombardier beetle but do no damage.
You drain the bombardier beetle.
Your tail-slap misses the bombardier beetle.
The bombardier beetle is severely wounded.
The liquid fire burns you!
The bombardier beetle sprays incendiary fluid at you.
The burning spray hits you.
You are even more covered in liquid fire!
You barely miss the bombardier beetle.
The bombardier beetle is severely wounded.
The liquid fire burns you!
The bombardier beetle sprays incendiary fluid at you.
The burning spray hits you.
You are even more covered in liquid fire!
You thump the bombardier beetle!
You kill the bombardier beetle!
The liquid fire burns you!
* * * LOW HITPOINT WARNING * * *
You shake off some of the fire as you move.
The liquid fire burns you!
* * * LOW HITPOINT WARNING * * *
You see here a bombardier beetle corpse.
You shake off some of the fire as you move.
The liquid fire burns you!
* * * LOW HITPOINT WARNING * * *
It was a potion of invisibility.
You become transparent, but the glow from your liquid flames prevents you from becoming completely invisible.
The liquid fire burns you!
You die...

########
#......#
#......##
#....@..#
#.....†.#
#.......#####
#.....).<...#
#......†#.......
#.........#.###.
####.#..... ..
#.....### ...
####... .$


There were no monsters in sight!

Vanquished Creatures
  A bombardier beetle (D:3)
  3 adders (D:2)
  A dart slug (D:1)
  3 endoplasms
  A giant cockroach (D:1)
  6 goblins
  4 hobgoblins
  2 jackals (D:2)
  A quokka (D:1)
  4 ball pythons
  6 bats
  A frilled lizard (D:1)
  3 kobolds
  A rat (D:2)
37 creatures vanquished.

Notes
Turn   | Place    | Note
-------+----------+-------------------------------------------
     0 | D:1      | Cheivey the Demonspawn Fighter began the quest for the Orb.
     0 | D:1      | Reached XP level 1. HP: 18/18 MP: 1/1
    67 | D:1      | You fall into a shaft and drop 1 floor!
   285 | D:1      | Gained mutation: You have a small tail. [demonic ancestry]
   285 | D:1      | Reached XP level 2. HP: 24/24 MP: 2/2
   863 | D:2      | Gained mutation: You may rarely emit foul miasma when
                  | damaged in melee. [demonic ancestry]
   863 | D:2      | Reached XP level 3. HP: 30/30 MP: 3/3
  1050 | D:2      | Found a blossoming altar of Fedhas.
  1181 | D:2      | Reached skill level 4 in Fighting
  1415 | D:2      | Found Jeguih's Armour Boutique.
  1689 | D:3      | Gained mutation: You sometimes emit foul miasma when
                  | damaged in melee. [demonic ancestry]
  1689 | D:3      | Reached XP level 4. HP: 37/37 MP: 4/4
  1698 | D:3      | HP: 1/37 [burnt (5)]
  1699 | D:3      | Incinerated by a bombardier beetle

Illustrated notes

Levels and vault maps discovered:
D:1:      mrwooster_arrival_arrow, layout_loops_cross, st_stairs_11
D:2:      layout_basic, basic_altar, serial_shops,
          nicolae_shop_temple_entry_statues_fountains
D:3:      layout_rooms, nicolae_hepliaklqana_hippocampus,
          overflow_temple_1_default, st_stairs_13

Skill      XL: |  1  2  3 |
---------------+----------+-----
Maces & Flails | 2 3 |  3.3
Fighting       | 4 |  4.1
Armour         | |  2.8
Dodging        | |  0.2
Shields        | |  2.7

Action                     |  1- 3 |  4- 6 || total
---------------------------+-------+-------++-------
  Melee: Flail             |    89 |     7 ||    96
         Tailslap          |     8 |     1 ||     9
    Use: Potion            |     3 |     1 ||     4
         Scroll            |     6 |       ||     6
 Armour: Scale mail        |    97 |     2 ||    99
  Dodge: Dodged            |    42 |       ||    42
  Block: Buckler           |    20 |       ||    20

Table legend: (Time is in decaauts)
 A = Elapsed time spent in this place.
 B = Non-inter-level travel time spent in this place.
 C = Inter-level travel time spent in this place.
 D = Time resting spent in this place.
 E = Time spent auto-exploring this place.
 F = Levels seen in this place.
 G = Mean time per level.
                   A        B        C        D        E       F      G
               +--------+--------+--------+--------+--------+-----+--------+
         Total |   1718 |   1639 |     79 |    167 |   1198 |   3 |  572.7 |
       Dungeon |   1718 |   1639 |     79 |    167 |   1198 |   3 |  572.7 |
               +--------+--------+--------+--------+--------+-----+--------+

Top non-repeatable levels by time:
     D:2: 869 daAuts
     D:1: 828 daAuts
     D:3: 19 daAuts
